 Dungeon Crawl Stone Soup version 0.30.0 (webtiles) character file.

Game seed: 17167339988732211400

1010 KamiKatze the Chopper (level 8, -3/70 HPs)
             Began as a Minotaur Fighter on May 6, 2023.
             Slain by Duvessa
             ... wielding a +0 short sword
              (8 damage)
             ... on level 5 of the Dungeon.
             The game lasted 00:14:56 (4885 turns).

KamiKatze the Chopper (Minotaur Fighter)            Turns: 4885, Time: 00:14:56

Health: -3/70      AC: 16    Str: 22    XL:     8   Next: 1%
Magic:  7/7        EV: 11    Int:  5    God:
Gold:   309        SH:  4    Dex: 11    Spells: 7/7 levels left

rFire   . . .        a - +0 war axe
rCold   + . .        c - +0 buckler
rNeg    . . .        C - +1 scale mail {rC+}
rPois   .            l - +1 hat
rElec   .            (no cloak)
rCorr   .            j - +0 pair of gloves
SInv    +            x - +0 pair of boots
Will    .....        (no amulet) Stlth
                     e - ring of see invisible
HPRegen 0.31/turn    z - +4 ring of protection
MPRegen 0.10/turn

%: no passive effects
@: mighty
A: horns 2, retaliatory headbutt
a: no special abilities


You were on level 5 of the Dungeon.
You visited 1 branch of the dungeon, and saw 5 of its levels.
You also visited: Sewer.

You collected 456 gold pieces.
You spent 147 gold pieces at shops.

Inventory:

Hand Weapons
 a - a +0 war axe (weapon)
 w - a +0 flail
 B - a +0 broad axe
Missiles
 q - 2 poisoned darts (quivered)
 y - a boomerang
Armour
 c - a +0 buckler (worn)
 j - a +0 pair of gloves (worn)
 l - a +1 hat (worn)
 x - a +0 pair of boots (worn)
 C - a +1 scale mail of cold resistance (worn)
Jewellery
 e - a ring of see invisible (left hand)
 z - a +4 ring of protection (right hand)
Scrolls
 g - 2 scrolls of noise {unknown}
 h - 5 scrolls of enchant weapon {unknown}
 i - a scroll of fear {unknown}
 k - 3 scrolls of identify {unknown}
 t - 2 scrolls of teleportation {unknown}
 v - 2 scrolls of immolation {unknown}
 A - a scroll of poison {unknown}
 D - a scroll of vulnerability {unknown}
Potions
 b - 2 potions of magic {unknown}
 d - 2 potions of might
 f - a potion of ambrosia {unknown}
 m - 2 potions of curing {unknown}
 n - a potion of lignification {unknown}
 o - a potion of berserk rage {unknown}
 p - 6 potions of flight
 r - a potion of haste {unknown}
 s - a potion of attraction {unknown}
 u - 2 potions of heal wounds {unknown}


   Skills:
 + Level 6.0 Fighting
 * Level 7.3 Axes
 + Level 6.0 Armour
 + Level 4.2 Dodging
 - Level 4.0 Shields


You had 7 spell levels left.
You didn't know any spells.
Your spell library contained the following spells:

 Spells                   Type           Power      Damage    Failure   Level
 Magic Dart               Conj           0%         1d3       85%         1
 Call Imp                 Summ           0%         N/A       94%         2
 Mephitic Cloud           Conj/Pois/Air  0%         N/A       99%         3
 Ozocubu's Armour         Ice            0%         N/A       99%         3
 Ozocubu's Refrigeration  Ice            0%         4d7       100%        7


Dungeon Overview and Level Annotations

Branches:
Dungeon (5/15)              Sewer (visited)
 Temple: D:4-7

Altars:
Ashenzari
Zin

Shops:
D:1 [   D:2 [

Annotations:
D:5 1 runed translucent door, exclusion: door, Duvessa


Innate Abilities, Weirdness & Mutations

You have a pair of horns on your head.
You reflexively headbutt those who attack you in melee.


Message History

You headbutt the jelly.
You kill the jelly!
You hit Duvessa. Duvessa misses you. You furiously retaliate!
You headbutt Duvessa.
Unknown command.
Unknown command.
You feel very mighty all of a sudden. Duvessa hits you but does no damage.
Dowan gestures at you while chanting. You block the puff of frost.
Duvessa hits you but does no damage.
Unknown command.
You slash Duvessa!
Duvessa is heavily wounded.
You closely miss Dowan. Duvessa hits you with a +0 short sword.
* * * LOW HITPOINT WARNING * * *
Dowan gestures at you while chanting. You resist with some effort.
Duvessa says, "My weaknesses are his strengths!"
Duvessa hits you with a +0 short sword!
* * * LOW HITPOINT WARNING * * *
You hit Duvessa.
Duvessa is severely wounded.
You slash Dowan! Dowan barely misses you. Duvessa misses you.
Unknown command.
You barely miss Duvessa.
Duvessa is severely wounded.
You slash Dowan!
You kill Dowan!
Duvessa weeps, and shakes her weapon.
Duvessa goes berserk!
Duvessa misses you. Duvessa hits you with a +0 short sword.
* * * LOW HITPOINT WARNING * * *
You have reached level 8!
You feel agile.
You hit Duvessa.
Duvessa is severely wounded.
Duvessa hits you with a +0 short sword!
* * * LOW HITPOINT WARNING * * *
Duvessa hits you with a +0 short sword!
You die...

## #. #. #.
####'############### ##
##.............|....# ##
####...................#
#.
.....#..~#.............#
#.
.....~~~~~.............#
#####.
...#~~~~~~~#...).......##
#....#
....~~~~~~~....e@.......#
#....#
....~~~.~~~...#########.#
#....# ...~~~~~~~~..##
#.# #.<..# ...#~~~~~~~#.#
#.# #..... .....~~~~~...#
#.# #....# .....#..~#..##
##.## #....#
.#.#...(...## #...#
#....# #.#...?..## #.#.#
###.## # #......# ##.#.##
#.#


You could see Duvessa (berserk, fast).

Vanquished Creatures
  Grinder (D:4)
  A black bear (D:5)
  A phantom (D:5)
  Dowan (D:5)
  2 orc priests (D:4)
  2 jellies (D:5)
  Jessica (D:3)
  3 iguanas (D:4)
  4 orc wizards
  4 gnolls (D:3)
  10 adders
  4 river rats (Sewer)
  4 worms
  A dart slug (D:2)
  12 orcs
  12 ball pythons
  10 bats
  4 endoplasms
  2 giant cockroaches
  6 goblins
  3 hobgoblins
  14 jackals
  3 quokkas
  9 frilled lizards
  4 kobolds
  5 rats
123 creatures vanquished.

Vanquished Creatures (others)
  A rat (D:5)
1 creature vanquished.

Grand Total: 124 creatures vanquished

Notes
Turn   | Place    | Note
-------+----------+-------------------------------------------
     0 | D:1      | KamiKatze the Minotaur Fighter began the quest for the Orb.
     0 | D:1      | Reached XP level 1. HP: 19/19 MP: 0/0
   134 | D:1      | Found Hadah's Antique Armour Emporium.
   262 | D:1      | Reached XP level 2. HP: 27/27 MP: 1/1
   656 | D:1      | Found a faded altar of an unknown god.
   858 | D:2      | Reached skill level 3 in Axes
   995 | D:1      | Bought a runed hat for 147 gold pieces
  1258 | D:2      | Reached skill level 1 in Dodging
  1258 | D:2      | Reached XP level 3. HP: 10/33 MP: 2/2
  1553 | D:2      | Found Fory's Antique Armour Shoppe.
  1710 | D:3      | Noticed Jessica
  1714 | D:3      | Killed Jessica
  1715 | D:3      | Reached XP level 4. HP: 40/40 MP: 3/3
  1951 | D:3      | Reached skill level 4 in Axes
  2517 | D:3      | Reached XP level 5. HP: 22/47 MP: 4/4
  2779 | D:4      | Reached skill level 5 in Axes
  2936 | D:4      | Found a glowing silver altar of Zin.
  2974 | D:4      | Found a broken altar of Ashenzari.
  2985 | D:4      | Reached XP level 6. HP: 28/55 MP: 5/5
  3164 | D:4      | Noticed Grinder
  3172 | D:4      | Paralysed by Grinder for 2 turns
  3181 | D:4      | Killed Grinder
  3182 | D:4      | Reached skill level 5 in Fighting
  3182 | D:4      | Reached skill level 6 in Axes
  3182 | D:4      | Reached skill level 5 in Armour
  3182 | D:4      | Reached XP level 7. HP: 22/61 MP: 6/6
  3818 | D:5      | Entered Level 5 of the Dungeon
  3931 | D:5      | Found a runed translucent door.
  4157 | D:5      | Found a glowing drain.
  4166 | D:5      | Noticed Dowan
  4167 | D:5      | Noticed Duvessa
  4170 | Sewer    | Entered a sewer
  4289 | Sewer    | Reached skill level 7 in Axes
  4884 | D:5      | Killed Dowan
  4885 | D:5      | Reached XP level 8. HP: 19/70 MP: 7/7
  4885 | D:5      | Slain by Duvessa

Illustrated notes

Levels and vault maps discovered:
D:1:      dpeg_arrival_short_road, layout_basic,
          dilly_ecumenical_altar_fadedgnrine, serial_shops, shop,
          minmay_pentomino_o2
D:2:      layout_basic, serial_shops, shop_coins, serial_rivers,
          chequers_serial_rivers_micro_c, chequers_serial_rivers_small_b,
          chequers_serial_rivers_small_a, chequers_serial_rivers_micro_d,
          chequers_serial_rivers_marsh, chequers_serial_rivers_large_a,
          chequers_serial_rivers_small_b
D:3:      layout_loops_corners, uniq_jessica
D:4:      layout_basic, kennysheep_mini, old_standard_altar, uniq_grinder
D:5:      minmay_general_purpose_star, layout_basic,
          minmay_temple_entry_crystal_x, cheibrodos_sewer_entry_drain,
          uniq_duvessa, uniq_crazy_yiuf_cottage

Skill      XL: |  1  2  3  4  5  6  7 |
---------------+----------------------+-----
Axes           | 3 4 5 6 7 |  7.3
Shields        | 4 |  4.0
Dodging        | 1 2 3 4 |  4.2
Fighting       | 4 5 6 |  6.0
Armour         | 4 5 6 |  6.0

Action                     |  1- 3 |  4- 6 |  7- 9 || total
---------------------------+-------+-------+-------++-------
  Melee: War axe           |    66 |    91 |   107 ||   264
         Headbutt          |     8 |    19 |    15 ||    42
  Throw: Dart              |       |     3 |       ||     3
    Use: Potion            |       |       |     1 ||     1
 Armour: Scale mail        |    32 |    43 |    71 ||   146
  Dodge: Dodged            |    38 |    43 |    72 ||   153
  Block: Buckler           |    16 |    23 |    20 ||    59
